 Dungeon Crawl Stone Soup version 0.28.0-53-g5a82cb258f (webtiles) character file.

Game seed: 13202687833346066838

81 H0rd4k the Charlatan (level 4, 0/32 HPs)
             Began as a Human Artificer on June 1, 2022.
             Succumbed to Terence's poison
             ... on level 2 of the Dungeon.
             The game lasted 00:02:41 (2632 turns).

H0rd4k the Charlatan (Human Artificer)              Turns: 2632, Time: 00:02:41

Health: 0/32       AC:  3    Str: 12 (13) XL:     4   Next: 68%
Magic:  4/4        EV: 11    Int: 10 (13) God:
Gold:   36         SH:  0    Dex: 10 (13) Spells: 3/3 levels left

rFire   . . .      SeeInvis .   a - +0 club
rCold   . . .      Faith    .   (no shield)
rNeg    . . .      Spirit   .   b - +0 leather armour
rPois   .          Reflect  .   (no helmet)
rElec   .          Harm     .   (no cloak)
rCorr   .          Rampage  .   (no gloves)
Will    .....                   (no boots)
Stlth   +.........              (no amulet)
HPRegen 0.10/turn               (no ring)
MPRegen 0.09/turn               (no ring)

@: lethally poisoned (0 -> -8)
A: no striking features
a: no special abilities


You were on level 2 of the Dungeon.
You visited 1 branch of the dungeon, and saw 2 of its levels.

You collected 36 gold pieces.

Inventory:

Hand Weapons
 a - a +0 club (weapon)
Missiles
 n - 3 poisoned darts (quivered)
Armour
 b - a +0 leather armour (worn)
Jewellery
 h - an amulet of faith
Wands
 c - a wand of flame (8)
 d - a wand of charming (8)
Scrolls
 j - a scroll of teleportation {unknown}
 k - a scroll of amnesia {unknown}
 l - 2 scrolls of blinking {unknown}
 m - a scroll of enchant armour {unknown}
 o - a scroll of vulnerability {unknown}
Potions
 f - a potion of degeneration
Miscellaneous
 e - a piece from Xom's chessboard (15/15)


   Skills:
 + Level 1.5 Fighting
 + Level 1.5 Maces & Flails
 - Level 2.0 Armour
 + Level 1.7 Dodging
 - Level 1.0 Stealth
 + Level 4.2 Evocations


You had 3 spell levels left.
You didn't know any spells.
Your spell library was empty.

Dungeon Overview and Level Annotations

Branches:
Dungeon (2/15)

Altars:

Annotations:
D:1 exclusion: downstairs
D:2 Terence


Message History

You are too injured to fight recklessly!
You are too injured to fight recklessly!
You are too injured to fight recklessly!
You are too injured to fight recklessly!
* * * LOW HITPOINT WARNING * * *
You feel very sick.
It was a potion of degeneration.
There was something very wrong with that liquid.
You feel weakened.
You feel dopey.
You feel clumsy.
* * * LOW HITPOINT WARNING * * *
You feel very sick.
The frilled lizard bites you but does no damage.
Terence misses you.
It was a potion of curing.
You feel better. The frilled lizard closely misses you.
Terence hits you from afar with a +0 trident of venom.
* * * LOW HITPOINT WARNING * * *
You are lethally poisoned!
* * * LOW HITPOINT WARNING * * *
You feel very sick.
Aiming: Charm
Press: ? - help, Shift-Dir - straight line, f - frilled lizard
Aim: a frilled lizard (chance to affect: 75%)
The frilled lizard is charmed.
* * * LOW HITPOINT WARNING * * *
You feel very sick. Terence closely misses you.
* * * LOW HITPOINT WARNING * * *
You feel sick.
It was a potion of heal wounds.
You feel much better.
You feel sick.
Terence hits you from afar with a +0 trident of venom!
You are lethally poisoned!
You feel very sick.
* * * LOW HITPOINT WARNING * * *
You feel very sick.
* * * LOW HITPOINT WARNING * * *
You feel very sick.
* * * LOW HITPOINT WARNING * * *
You feel sick.
You die...

.≈_..≈.'..# #........
≈#≈≈≈≈.'..##############........
.≈..≈..#≈.......................
#≈≈≈≈≈##≈..#############........
#≈≈≈###.≈### #........
#8≈#.≈..## ####†.......
≈###≈.##### ######....#
≈≈....###.######..l@..####
##.....#........@#####.......
#####....÷÷.)..........######
........#.##############
#####.###.# ###.# #.# #...# #.#
###.### #.# ######## #...# #.#
#......# ..### #)# #......#


You could see Terence and a friendly frilled lizard (charmed).

Vanquished Creatures
  A gnoll (D:2)
  An adder (D:2)
  A worm (D:2)
  2 dart slugs (D:1)
  5 ball pythons
  4 endoplasms
  A giant cockroach (D:1)
  5 goblins
  2 hobgoblins
  A jackal (D:2)
  3 kobolds
  A quokka (D:1)
  2 bats
  A frilled lizard (D:2)
  3 rats
  A spectral hobgoblin (D:2)
34 creatures vanquished.

Vanquished Creatures (collateral kills)
  2 gnolls (D:2)
  2 jackals (D:2)
4 creatures vanquished.

Vanquished Creatures (others)
  A gnoll (D:2)
1 creature vanquished.

Grand Total: 39 creatures vanquished

Notes
Turn   | Place    | Note
-------+----------+-------------------------------------------
     0 | D:1      | H0rd4k the Human Artificer began the quest for the Orb.
     0 | D:1      | Reached XP level 1. HP: 15/15 MP: 1/1
   261 | D:1      | Reached XP level 2. HP: 17/21 MP: 2/2
  1138 | D:1      | Reached XP level 3. HP: 15/26 MP: 3/3
  1780 | D:2      | Reached skill level 4 in Evocations
  2047 | D:2      | Reached skill level 1 in Maces & Flails
  2047 | D:2      | Reached XP level 4. HP: 32/32 MP: 4/4
  2532 | D:2      | Found a faded altar of an unknown god.
  2611 | D:2      | Noticed Terence
  2622 | D:2      | HP: 1/32 [poisoned by Terence]
  2632 | D:2      | Succumbed to Terence's poison

Illustrated notes

Levels and vault maps discovered:
D:1:      dpeg_arrival_rhombus, layout_loops_ring
D:2:      layout_rooms, dreamdust_ecumenical_altar_drowned_temple,
          minmay_misc_feat_pillars, minmay_tromino_v4_c, uniq_terence

Skill      XL: |  1  2  3 |
---------------+----------+-----
Evocations     | 4 |  4.2
Maces & Flails | 1 |  1.5
Fighting       | |  1.5
Armour         | |  2.0
Dodging        | |  1.7
Stealth        | |  1.0

Action                   |  1- 3 |  4- 6 || total
-------------------------+-------+-------++-------
Melee: Club              |    76 |    60 ||   136
       Punch             |     1 |     1 ||     2
Throw: Dart              |       |     3 ||     3
Evoke: Wand              |     7 |     7 ||    14
  Use: Potion            |       |     3 ||     3
 Stab: Sleeping          |     2 |       ||     2
Armor: Leather armour    |    25 |    19 ||    44
Dodge: Dodged            |    54 |    52 ||   106
